 Dungeon Crawl Stone Soup version 0.31-a0-361-g0f8bd3a31e (webtiles) character file.

Game seed: 5478025347947363010

557 Ajdolov the Covert (level 7, -7/28 HPs)
             Began as a Felid Shapeshifter on July 27, 2023.
             Was a Follower of Ru.
             Engulfed by a steam dragon's steam (9 damage)
             ... on level 7 of the Dungeon.
             The game lasted 00:13:55 (5797 turns).

Ajdolov the Covert (Felid Shapeshifter)             Turns: 5797, Time: 00:13:56

Health: -7/28      AC:  2    Str: 13    XL:     7   Next: 9%
Magic:  8/8        EV: 17    Int:  9    God:    Ru [*.....]
Gold:   360        SH:  0    Dex: 17    Spells: 6/6 levels left
                                        Lives:  0   Deaths: 2

rFire   . .          .
                       - Unarmed
rCold   . . .        (shield unavailable)
rNeg    . . .        (body armour unavailable)
rPois   .            (helmet unavailable)
rElec   .            (cloak unavailable)
rCorr   .            (gloves unavailable)
SInv    +            (boots unavailable)
Will    +....        (no amulet)
Stlth   ++++         (no ring)
HPRegen 0.24/turn    (no ring)
MPRegen 0.11/turn

%: no passive effects
@: beast-form, unable to drink, quick
A: beast (slay +4), very small, claws 1, fangs 3, see invisible, speed 1, shaggy
fur 2, inability to drink after injury 2, stealthy paws, no weapons or thrown
items, no armour, multi-lived
a: Begin Untransformation, Renounce Religion


You were on level 7 of the Dungeon.
You worshipped Ru.
Ru was aware of your devotion.
You were a hulking beast.
You visited 1 branch of the dungeon, and saw 7 of its levels.

You collected 360 gold pieces.

Inventory:

Jewellery
 n - a ring of wizardry
Talismans
 b - a beast talisman
 h - a maw talisman
Wands
 l - a wand of charming (2)
Scrolls
 c - a scroll of identify {unknown}
 d - 2 scrolls of vulnerability {unknown}
 e - 3 scrolls of enchant weapon {unknown}
 j - 2 scrolls of fog {unknown}
 k - 2 scrolls of teleportation {unknown}
 m - a scroll of poison {unknown}
 q - a scroll of brand weapon {unknown}
Potions
 a - a potion of lignification
 f - 2 potions of mutation {unknown}
 g - 2 potions of enlightenment {unknown}
 i - a potion of invisibility {unknown}
 p - a potion of heal wounds {unknown}


   Skills:
 - Level 1.0 Fighting
 - Level 2.6 Dodging
 - Level 8.0 Stealth
 + Level 4.8 Unarmed Combat
 * Level 7.0 Shapeshifting


You had 6 spell levels left.
You didn't know any spells.
Your spell library contained the following spells:

 Spells                   Type           Power      Damage    Failure   Level
 Frozen Ramparts          Ice            0%         1d1       77%         3
 Petrify                  Tmut/Erth      0%         N/A       99%         4
 Metabolic Englaciation   Hex/Ice        0%         N/A       100%        5


Dungeon Overview and Level Annotations

Branches:
Dungeon (7/15)             Temple (0/1) D:4

Altars:
Dithmenos
Nemelex Xobeh
Ru
Xom

Shops:
D:1 (   D:5 :

Annotations:
D:2 exclusion: gnoll
D:3 exclusion: ball python, Sigmund
D:4 exclusions: ball python and ogre, Grinder
D:7 exclusion: two-headed ogre


Innate Abilities, Weirdness & Mutations

You are a hulking beast.
Your limbs bulge with bestial killing power. (Slay +4)
You have sharp claws.
You have razor-sharp teeth.
You have supernaturally acute eyesight. (SInv)
You cover ground quickly. (Speed+)
You are covered in thick fur. (AC +2)
You sometimes lose the ability to drink potions when taking damage.
Your paws help you pounce on unaware monsters.
You are incapable of wielding weapons or throwing items.
You cannot wear armour.
You gain extra lives every three experience levels.


Message History

There is a stone staircase leading down here.
Okay, then.
You climb downwards.
Level annotation: exclusion: two-headed ogre
There is a stone staircase leading up here.
Things that are here:
a +0 halberd; a gnoll skeleton
Aiming: Corrosive Bolt
Press: ? - help, Shift-Dir - straight line, f - you
Okay, then.
Aiming: Corrosive Bolt
Press: ? - help, Shift-Dir - straight line, f - you
Okay, then.
Aiming: Corrosive Bolt
Press: ? - help, Shift-Dir - straight line, f - steam dragon
Aim: a steam dragon (wandering, hasn't noticed you, 71% to hit)
The bolt of acid hits the steam dragon!
The steam dragon is moderately wounded.
The steam dragon hisses angrily.
Aiming: Corrosive Bolt
Press: ? - help, Shift-Dir - straight line, f/p - steam dragon
Aim: a steam dragon (moderately wounded, 71% to hit)
The bolt of acid misses the steam dragon.
Aiming: Corrosive Bolt
Press: ? - help, Shift-Dir - straight line, f/p - steam dragon
Aim: a steam dragon (moderately wounded, 71% to hit)
The bolt of acid hits the steam dragon!
The acid corrodes the steam dragon!
The steam dragon is heavily wounded.
The now-empty wand crumbles to dust.
The steam dragon breathes steam at you. The ball of steam hits you!!
Ouch! That really hurt!
The steam dragon breathes steam at you. The ball of steam hits you!
You feel threatened and lose the ability to drink potions!
* * * LOW HITPOINT WARNING * * *
You scratch the steam dragon.
The steam dragon is severely wounded.
You are engulfed in a cloud of scalding steam.
You die...

.............#...#..<..#
#####................###
##.........###...###
###...........#...##
<#...##......##..###
.....###.....#.....##
......##......#.....#
......##....###§D#.##
............#.§§h#.# ###
.............§§..##### #.#
............§##§#....# ##.##
.....#..#§§.....#....###...####
..)..#...§...#....##..##.<....#
.....)....##.#..####..###..#..#
.♣♣..♣..#.........#...#....#.####
.♣..♣♣.##........###.........##.#
♣♣..♣♣..#........##.............#


You could see a steam dragon (corroded).

Vanquished Creatures
  A hornet (D:7)
  A steam dragon (D:7)
  A kobold brigand (D:6)
  A bullfrog (D:7)
  2 scorpions (D:6)
  3 howler monkeys
  4 hounds
  2 iguanas
  A gnoll bouda (D:7)
  A sleepcap (D:6)
  9 gnolls
  7 adders
  2 ufetubi (D:6)
  A worm (D:3)
  3 orcs (D:5)
  8 endoplasms
  3 giant cockroaches
  3 goblins
  5 hobgoblins
  6 jackals (D:3)
  6 kobolds
  3 quokkas
  8 ball pythons
  5 bats
  6 rats
92 creatures vanquished.

Vanquished Creatures (others)
  A gnoll (D:5)
1 creature vanquished.

Grand Total: 93 creatures vanquished

Notes
Turn   | Place    | Note
-------+----------+-------------------------------------------
     0 | D:1      | Ajdolov the Felid Shapeshifter began the quest for the Orb.
     0 | D:1      | Reached XP level 1. HP: 9/9 MP: 2/2
    56 | D:1      | Reached skill level 1 in Stealth
   236 | D:1      | Reached XP level 2. HP: 9/12 MP: 3/3
   327 | D:1      | Reached skill level 2 in Stealth
   377 | D:1      | Found Duqoib's Antique Weapon Shoppe.
   959 | D:2      | Reached XP level 3. HP: 11/15 MP: 4/4
  1058 | D:2      | Reached skill level 3 in Stealth
  1419 | D:3      | Reached skill level 4 in Stealth
  1491 | D:3      | Reached XP level 4. HP: 19/19 MP: 5/5
  1923 | D:3      | Noticed Sigmund
  2537 | D:4      | Noticed Grinder
  2619 | D:4      | Noticed a kobold brigand
  2758 | D:4      | Noticed a black bear
  2792 | D:4      | Found a sparkling altar of Nemelex Xobeh.
  2803 | D:4      | Slain by an orc wizard
  2804 | D:4      | Reached XP level 3. HP: 0/15 MP: 4/4
  2804 | D:4      | Found a staircase to the Ecumenical Temple.
  2902 | D:4      | Noticed an ogre
  2925 | D:5      | Entered Level 5 of the Dungeon
  3166 | D:5      | Reached skill level 5 in Stealth
  3166 | D:5      | Reached XP level 4. HP: 15/19 MP: 5/5
  3250 | D:5      | Found a sacrificial altar of Ru.
  3263 | D:5      | Became a worshipper of Ru the Awakened
  3383 | D:5      | Found Hibris's Book Shop.
  3408 | D:5      | Noticed an ogre
  3409 | D:5      | Noticed an ogre
  3469 | D:5      | Noticed a black bear
  3493 | D:6      | Noticed a scorpion
  3496 | D:6      | Reached skill level 6 in Stealth
  3496 | D:6      | Reached XP level 5. HP: 19/22 MP: 6/6
  3958 | D:6      | Reached skill level 7 in Stealth
  3958 | D:6      | Gained mutation: You are covered in thick fur. (AC +2)
                  | [Felid growth]
  3958 | D:6      | Reached XP level 6. HP: 15/25 MP: 7/7
  4064 | D:6      | Reached skill level 5 in Shapeshifting
  4146 | D:6      | Reached skill level 8 in Stealth
  4390 | D:6      | Reached XP level 7. HP: 28/28 MP: 8/8
  4572 | D:6      | Gained mutation: You occasionally lose the ability to drink
                  | potions when taking damage. [Ru sacrifice]
  4572 | D:6      | Gained mutation: You sometimes lose the ability to drink
                  | potions when taking damage. [Ru sacrifice]
  4572 | D:6      | Reached * piety under Ru
  4702 | D:7      | Noticed a two-headed ogre
  4847 | D:7      | Found a shadowy altar of Dithmenos.
  4958 | D:7      | Noticed a steam dragon
  5232 | D:7      | Noticed a steam dragon
  5239 | D:7      | Killed a steam dragon
  5358 | D:7      | Noticed a hornet
  5375 | D:7      | Found a shimmering altar of Xom.
  5389 | D:7      | Killed a hornet
  5390 | D:7      | Reached XP level 8. HP: 32/32 MP: 9/9
  5600 | D:6      | Mangled by a gnoll
  5601 | D:6      | Reached XP level 7. HP: -6/28 MP: 8/8
  5797 | D:7      | Engulfed by a steam dragon's steam

Illustrated notes

Levels and vault maps discovered:
D:1:      erik_arrival_cave_to_civilisation [erik_arrival_cave_to_hall],
          layout_loops_ring, serial_shops, nicolae_shop_scrapyard
D:2:      layout_basic, basic_altar
D:3:      layout_basic, uniq_sigmund
D:4:      layout_cave_pools, lemuel_crystal_altar, temple_pool_b,
          lexackson_kobold_supper, uniq_grinder
D:5:      layout_layer_cave, mainiacjoe_overflow_alcove_4, serial_shops, shop,
          minmay_bent
D:6:      layout_rooms
D:7:      layout_cave_pools, mainiacjoe_overflow_catch_the_wave,
          nicolae_concentric_dashed_squares_wild

Skill      XL: |  1  2  3  4  5  6  7  8 |
---------------+-------------------------+-----
Stealth        | 1 2 5 6 7 8 |  8.0
Shapeshifting  | 4 5 6 7 |  7.0
Unarmed Combat | 4 |  4.8
Fighting       | |  1.0
Dodging        | |  2.6

Action                     |  1- 3 |  4- 6 |  7- 9 || total
---------------------------+-------+-------+-------++-------
  Melee: Unarmed           |    66 |   102 |    51 ||   219
         Bite              |     6 |     5 |     8 ||    19
         Punch             |     2 |     3 |     2 ||     7
 Invoke: Sacrifice Drink   |       |       |     1 ||     1
  Evoke: Wand              |       |     4 |     5 ||     9
    Use: Potion            |     1 |     2 |       ||     3
   Stab: Sleeping          |     5 |     9 |     2 ||    16
         Distracted        |       |     1 |       ||     1
 Armour: Skin              |     3 |    16 |     2 ||    21
  Dodge: Dodged            |    38 |    73 |    52 ||   163
   Form: Beast             |     1 |       |       ||     1
         Maw               |     1 |       |       ||     1

Table legend: (Time is in decaauts)
 A = Elapsed time spent in this place.
 B = Non-inter-level travel time spent in this place.
 C = Inter-level travel time spent in this place.
 D = Time resting spent in this place.
 E = Time spent auto-exploring this place.
 F = Levels seen in this place.
 G = Mean time per level.
                   A        B        C        D        E       F      G
               +--------+--------+--------+--------+--------+-----+--------+
         Total |   4864 |   4583 |    281 |    321 |   2962 |   7 |  694.9 |
       Dungeon |   4864 |   4583 |    281 |    321 |   2962 |   7 |  694.9 |
               +--------+--------+--------+--------+--------+-----+--------+

Top non-repeatable levels by time:
     D:6: 1015 daAuts
     D:3: 939 daAuts
     D:5: 808 daAuts
     D:1: 683 daAuts
     D:7: 630 daAuts
     D:2: 460 daAuts
     D:4: 327 daAuts
